 Dungeon Crawl Stone Soup version 0.17.0-15-g6d90897 (webtiles) character file.

30 MTVSty1e the Ruffian (level 3, 0/28 HPs)
             Began as a Draconian Transmuter on Nov 10, 2015.
             Succumbed to poison (a potion of poison)
             ... on level 2 of the Dungeon.
             The game lasted 00:06:31 (1297 turns).

MTVSty1e the Ruffian (Draconian Transmuter)         Turns: 1297, Time: 00:06:31

Health: 0/28       AC:  5    Str: 13    XL:     3   Next: 5%
Magic:  6/6        EV: 12    Int: 13    God:
Gold:   22         SH:  0    Dex: 11    Spells: 1 memorised, 5 levels left

rFire  . . .     SeeInvis .       - Unarmed
rCold  . . .     Clarity  .     (armour unavailable)
rNeg   . . .     SustAt   .     (no shield)
rPois  .         Gourm    .     (helmet restricted)
rElec  .         Spirit   .     (no cloak)
rCorr  .         Warding  .     (no gloves)
rMut   .         Stasis   .     (no boots)
MR     .....                    (no amulet)
Stlth  +.........               (no ring)
                                (no ring)

@: lethally poisoned (0 -> -14), not resistant to hostile enchantments, very
unstealthy
A: unfitting armour, cold-blooded, AC +5
a: no special abilities


You were on level 2 of the Dungeon.
You were not hungry.

You visited 1 branch of the dungeon, and saw 2 of its levels.

You collected 22 gold pieces.

Inventory:

Hand Weapons
 e - a +0 hand axe of freezing
 l - a +0 dagger
 n - a cursed +0 hand axe
Missiles
 a - 30 arrows
 g - 7 curare-tipped needles
 o - 16 arrows of frost
Scrolls
 j - 2 scrolls of remove curse
Books
 b - a book of Changes

   Spells                             Type                      Level
   a - Beastly Appendage              Transmutation                1
   b - Sticks to Snakes               Transmutation                2
   c - Spider Form                    Transmutation/Poison         3
   d - Ice Form                       Ice/Transmutation            4
   e - Blade Hands                    Transmutation                5
Comestibles
 c - a bread ration
 f - a meat ration
 h - a royal jelly


   Skills:
 + Level 1.3 Fighting
 + Level 2.6 Dodging
 + Level 0.4 Stealth
 + Level 3.2 Unarmed Combat
 + Level 2.1 Spellcasting
 + Level 2.0 Transmutations


You had 5 spell levels left.
You knew the following spells:

 Your Spells              Type           Power        Failure   Level  Hunger
a - Beastly Appendage     Trmt           #.....       12%         1    ##.....


Dungeon Overview and Level Annotations

Branches:
Dungeon (2/15)

Altars:
Trog


Innate Abilities, Weirdness & Mutations

Your plain brown scales are hard (AC +5).
Your body does not fit into most forms of armour.
You are cold-blooded and may be slowed by cold attacks.


Message History

The adder is heavily wounded.
* * * LOW HITPOINT WARNING * * *
You feel sick. The adder barely misses you.
You hit the adder. You tail-slap the adder.
You kill the adder!
You have reached level 3!
Your experience leads to an increase in your attributes!
Increase (S)trength, (I)ntelligence, or (D)exterity?
You feel stronger.
Your scales feel tougher.
* * * LOW HITPOINT WARNING * * *
You feel sick.
Drink which item? (? for menu, Esc to quit)
It was a potion of cancellation.
You feel magically purged.
Drink which item? (? for menu, Esc to quit)
It was a potion of poison.
That liquid tasted very nasty...
You are more poisoned.
* * * LOW HITPOINT WARNING * * *
You feel sick.
Unknown command.
You die...

.......# #..,,,* .......#
**#.#**,# ...#.###
*<...,*.# .#.#.# ###.###.#
...#.# #.......#* #..#.#
#.#>...,,* .....#
#<#..#**** .....# #.#..#
.....# #####.#@.#######*
.....# ##..†............*
.....####...........#####*
........#..########.#
.....##.#..## *.#
..##..#.....#######.#**
..*#...............,.,*
..*#...##..........,#,*
.,*#...###........#**,*


There were no monsters in sight!

Vanquished Creatures
  An adder (D:2)
  A ball python (D:1)
  2 goblins
  A hobgoblin (D:1)
  3 jackals (D:2)
  A quokka (D:2)
  5 bats
  2 giant cockroaches
  2 giant geckos
  2 kobolds (D:1)
  A rat (D:1)
21 creatures vanquished.

Notes
Turn   | Place    | Note
--------------------------------------------------------------
     0 | D:1      | MTVSty1e the Draconian Transmuter began the quest for the Orb.
     0 | D:1      | Reached XP level 1. HP: 16/16 MP: 3/3
   610 | D:1      | Reached XP level 2. HP: 18/23 MP: 5/5
   934 | D:2      | Found a bloodstained altar of Trog.
  1294 | D:2      | Reached XP level 3. HP: 4/28 MP: 6/6
  1296 | D:2      | HP: 1/28 [poison (a potion of poison)]
  1297 | D:2      | Succumbed to poison (a potion of poison)

Action                   || total
-------------------------++-------
Melee: Unarmed           ||    88
  Use: Scroll            ||     4
       Potion            ||     2
  Eat: Bread ration      ||     1
